 Dungeon Crawl Stone Soup version 0.31-a0-187-gba352fbbf7 (webtiles) character file.

Game seed: 7352569182506833794

487 qw the Skirmisher (level 6, -4/35 HPs)
             Began as a Deep Elf Hunter on June 22, 2023.
             Was an Initiate of Okawaru.
             Slain by Pikel
             ... wielding a +1 whip of electrocution
              (7 damage)
             ... on level 5 of the Dungeon.
             The game lasted 00:01:28 (3405 turns).

qw the Skirmisher (Deep Elf Hunter)                 Turns: 3405, Time: 00:01:28

Health: -4/35      AC: 10    Str: 16    XL:     6   Next: 89%
Magic:  8/8        EV: 12    Int: 14    God:    Okawaru [......]
Gold:   182        SH:  5    Dex: 18    Spells: 5/5 levels left

rFire   . . .        Y - +1 shortbow (flame)
rCold   . . .        (shield currently unavailable)
rNeg    . . .        l - +1 ring mail {rPois}
rPois   +            (no helmet)
rElec   .            d - +0 cloak
rCorr   .            (no gloves)
SInv    +            g - +2 pair of boots
Will    .....        a - amulet of Kuitrezo {Reflect SH+5 SInv}
Stlth   +            n - +6 ring of strength
HPRegen 0.25/turn    (no ring)
MPRegen 0.11/turn

%: reflection
@: no status effects
A: no striking features
a: Renounce Religion


You were on level 5 of the Dungeon.
You worshipped Okawaru.
Okawaru was noncommittal.
You visited 2 branches of the dungeon, and saw 6 of its levels.

You collected 210 gold pieces.
You spent 28 gold pieces at shops.


   Skills:
 - Level 2.0 Fighting
 + Level 10.2 Ranged Weapons
 - Level 1.2 Armour
 - Level 3.0 Dodging
 - Level 1.2 Stealth


You had 5 spell levels left.
You didn't know any spells.
Your spell library was empty.

Inventory:

Hand Weapons
 Y - a +1 shortbow of flaming (weapon)
Armour
 c - the scarf of Xom's Benevolence {shadows, rPois rC- Dex+3}
   (You acquired it on level 1 of the Dungeon)

   Dex:       It affects your dexterity (+3).
   rC:        It makes you vulnerable to cold.
   rPois:     It protects you from poison.
 d - a +0 cloak (worn)
 g - a +2 pair of boots (worn)
 l - a +1 ring mail of poison resistance (worn)
Jewellery
 a - the amulet of Kuitrezo (around neck) {Reflect SH+5 SInv}
   (You acquired it on level 1 of the Dungeon)

   [amulet of reflection]

   It reflects blocked missile attacks.
   SInv:      It lets you see invisible.
   SH:        It affects your SH (+5).
 n - a +6 ring of strength (left hand)
Scrolls
 j - a scroll of identify
Potions
 e - a potion of haste
 f - a potion of mutation
 i - a potion of enlightenment
 k - a potion of curing
 m - a potion of resistance {unknown}

Dungeon Overview and Level Annotations

Branches:
Dungeon (5/15)             Temple (1/1) D:4

Altars:
Ashenzari
Cheibriados
Dithmenos
Elyvilon
Fedhas
Gozag
Hepliaklqana
Kikubaaqudgha
Nemelex Xobeh
Okawaru
Qazlal
Ru
Sif Muna
Uskayaw
Wu Jian
Xom
Yredelemnul
Zin
The Shining One

Shops:
D:1 *

Annotations:
D:5 Pikel


Message History

Pikel barely misses you.
You hear a shout!
You shoot an arrow. The arrow hits Pikel.
The arrow burns Pikel.
Pikel is moderately wounded.
Pikel misses you.
You shoot an arrow. The arrow hits Pikel!
The arrow burns Pikel.
Pikel is heavily wounded.
Pikel hits you with a +1 whip of electrocution.
You shoot an arrow. The arrow closely misses Pikel.
The arrow closely misses the lemure.
Pikel closely misses you.
You shoot an arrow. The arrow barely misses Pikel.
The arrow barely misses the lemure.
An orc comes into view. It is wielding a +0 flail.
Pikel hits you but does no damage.
You shoot an arrow.
The arrow hits Pikel but does no damage.
Pikel is heavily wounded.
You block Pikel's attack.
You shoot an arrow.
The arrow hits Pikel but does no damage.
Pikel is heavily wounded.
Pikel barely misses you.
You shoot an arrow. The arrow hits Pikel.
The arrow burns Pikel.
Pikel is heavily wounded.
Pikel says, "All the lords of Hell know my name!"
Pikel hits you with a +1 whip of electrocution!
You shoot an arrow. The arrow completely misses Pikel.
The arrow hits the lemure.
The arrow burns the lemure.
The lemure is severely wounded.
Pikel completely misses you.
You shoot an arrow. The arrow hits Pikel.
The arrow burns Pikel.
Pikel is severely wounded.
Pikel hits you with a +1 whip of electrocution!
You shoot an arrow.
The arrow hits Pikel but does no damage.
Pikel is severely wounded.
Pikel says, "You'll freeze in Cocytus!"
Pikel hits you with a +1 whip of electrocution!
You die...

#..
.#
...
.# ~.
.##
.. ..
.##.#
o5.
#K#
#@#
#.#
#<#
#.#
#.#
#.#
#..
###


You could see Pikel, a lemure and an orc.

Vanquished Creatures
  A kobold brigand (D:3)
  A hound (D:4)
  An orc priest (D:3)
  Jessica (D:2)
  3 iguanas
  2 orc wizards (D:4)
  4 gnolls (D:3)
  7 adders
  An ufetubus (D:4)
  A worm (D:2)
  3 dart slugs
  10 orcs
  5 endoplasms
  5 giant cockroaches
  2 goblins
  4 hobgoblins
  2 jackals (D:2)
  2 quokkas
  4 ball pythons
  3 bats
  4 frilled lizards
  14 kobolds
  11 rats
91 creatures vanquished.

Notes
Turn   | Place    | Note
-------+----------+-------------------------------------------
     0 | D:1      | qw the Deep Elf Hunter began the quest for the Orb.
     0 | D:1      | Reached XP level 1. HP: 12/12 MP: 3/3
     0 | D:1      | 0 ||| qw: Version: 0.3-a-9-g12657ce
     0 | D:1      | 0 ||| qw: Game counter: 1968
     0 | D:1      | 0 ||| qw: Always use a shield: true
     0 | D:1      | 0 ||| qw: God list: Okawaru
     0 | D:1      | 0 ||| qw: Allow faded altars: false
     0 | D:1      | 0 ||| qw: Do Orc after D:15 true
     0 | D:1      | 0 ||| qw: Do second Lair branch before Depths: true
     0 | D:1      | 0 ||| qw: Lair rune preference: random
     0 | D:1      | 0 ||| qw: Plans: Normal
     0 | D:1      | 0 ||| PLANNING D:1-11
   165 | D:1      | Reached skill level 6 in Ranged Weapons
   165 | D:1      | Reached XP level 2. HP: 16/16 MP: 4/4
   195 | D:1      | Found Pahopp's General Store.
   204 | D:1      | 204 ||| SHOPLISTING scroll of brand weapon (133 gold, have
                  | 62).
   204 | D:1      | 204 ||| BUYING scroll of identify (28 gold).
   204 | D:1      | Bought a scroll of identify for 28 gold pieces
   204 | D:1      | 204 ||| SHOPLISTING scroll of teleportation (42 gold, have
                  | 34).
   742 | D:1      | 742 ||| UPGRADING to +0 pair of boots.
   747 | D:1      | 747 ||| UPGRADING to +0 ring mail.
   757 | D:1      | 757 ||| DROPPING +0 leather armour.
   758 | D:1      | 758 ||| DROPPING ring of wizardry.
   759 | D:1      | 759 ||| READING 2 scrolls labelled GIRANO SUADD.
   759 | D:1      | Identified 2 scrolls of acquirement
   759 | D:1      | 759 ||| ACQUIRING scarf of Xom's Benevolence {shadows,
                  | rPois rC- Dex+3}
   759 | D:1      | Acquired the scarf of Xom's Benevolence {shadows, rPois rC-
                  | Dex+3}
   760 | D:1      | 760 ||| READING scroll of acquirement.
   760 | D:1      | 760 ||| ACQUIRING amulet of Kuitrezo {Reflect SH+5 SInv}
   760 | D:1      | Acquired the amulet of Kuitrezo {Reflect SH+5 SInv}
   762 | D:1      | 762 ||| UPGRADING to scarf of Xom's Benevolence {shadows,
                  | rPois rC- Dex+3}.
   767 | D:1      | 767 ||| UPGRADING to amulet of Kuitrezo {Reflect SH+5
                  | SInv}.
   772 | D:1      | 772 ||| DRINKING 2 inky potions.
   877 | D:1      | 877 ||| READING 2 scrolls of identify.
   877 | D:1      | 877 ||| IDENTIFYING lumpy amethyst potion
   878 | D:1      | 878 ||| DROPPING scroll of butterflies.
   879 | D:1      | 879 ||| DROPPING potion of lignification.
   880 | D:1      | 880 ||| DROPPING potion of berserk rage.
   916 | D:2      | Reached XP level 3. HP: 20/20 MP: 5/5
  1037 | D:2      | Reached skill level 7 in Ranged Weapons
  1164 | D:2      | Noticed Jessica
  1175 | D:2      | Killed Jessica
  1176 | D:2      | Reached XP level 4. HP: 12/25 MP: 6/6
  1255 | D:2      | Found a glowing golden altar of the Shining One.
  1381 | D:2      | 1381 ||| UPGRADING to +1 ring mail of poison resistance.
  1391 | D:2      | 1391 ||| DROPPING +0 ring mail.
  1392 | D:2      | 1392 ||| UPGRADING to +6 ring of strength.
  1393 | D:2      | 1393 ||| READING scroll labelled CAHETS VUHYHI.
  1394 | D:2      | 1394 ||| READING 3 scrolls labelled HANYSE VAERYA.
  1395 | D:2      | 1395 ||| READING 2 scrolls of enchant armour.
  1395 | D:2      | 1395 ||| ENCHANTING +0 pair of boots.
  1396 | D:2      | 1396 ||| READING scroll of enchant armour.
  1396 | D:2      | 1396 ||| ENCHANTING +1 pair of boots.
  1397 | D:2      | 1397 ||| READING scroll labelled LENUCL CYOPSAS.
  1398 | D:2      | 1398 ||| READING scroll labelled KUEN YGORUL.
  1478 | D:3      | 1478 ||| Stepping ~*~*~tactically~*~*~ (outnumbered).
  1485 | D:3      | Reached skill level 8 in Ranged Weapons
  1489 | D:3      | Reached skill level 3 in Dodging
  1521 | D:3      | Reached XP level 5. HP: 29/29 MP: 7/7
  1584 | D:3      | Reached skill level 9 in Ranged Weapons
  1761 | D:3      | 1761 ||| Stepping ~*~*~tactically~*~*~ (outnumbered).
  1763 | D:3      | 1763 ||| Stepping ~*~*~tactically~*~*~ (outnumbered).
  1826 | D:3      | Found a faded altar of an unknown god.
  1893 | D:3      | Reached XP level 6. HP: 35/35 MP: 8/8
  1900 | D:3      | Found a blossoming altar of Fedhas.
  1901 | D:3      | Found an ancient bone altar of Kikubaaqudgha.
  2213 | D:3      | 2213 ||| UPGRADING to +0 cloak.
  2223 | D:3      | 2223 ||| READING scroll labelled TOR NAEBILU.
  2224 | D:3      | 2224 ||| DRINKING 2 smoky white potions.
  2244 | D:4      | Found a staircase to the Ecumenical Temple.
  2245 | D:4      | 2245 ||| PLANNING TEMPLE
  2245 | D:4      | 2245 ||| STAIRDANCE
  2258 | Temple   | Entered the Ecumenical Temple
  2369 | Temple   | 2369 ||| PLANNING D:1-11
  2523 | D:4      | Identified the +1 whip "Ycvar" {flame, rF- Str+2 Int+5}
  2655 | D:4      | 2655 ||| Stepping ~*~*~tactically~*~*~ (outnumbered).
  2664 | D:4      | Reached skill level 1 in Armour
  3032 | D:4      | Reached skill level 10 in Ranged Weapons
  3036 | D:4      | 3036 ||| FLEEEEING.
  3037 | D:4      | 3037 ||| FLEEEEING.
  3038 | D:4      | 3038 ||| FLEEEEING.
  3039 | D:4      | 3039 ||| FLEEEEING.
  3040 | D:4      | 3040 ||| FLEEEEING.
  3044 | D:4      | 3044 ||| FLEEEEING.
  3045 | D:4      | 3045 ||| FLEEEEING.
  3179 | D:4      | Found a faded altar of an unknown god.
  3179 | D:4      | Found an iron altar of Okawaru.
  3180 | D:4      | 3180 ||| PLANNING OKAWARU WORSHIP
  3180 | D:4      | 3180 ||| READING scroll labelled YTIWU ESEURA.
  3181 | D:4      | 3181 ||| READING scroll labelled QOXKUG QAZUMNI.
  3184 | D:4      | 3184 ||| READING scroll labelled PETIROM FAUD.
  3185 | D:4      | 3185 ||| DRINKING 2 ruby potions.
  3186 | D:4      | 3186 ||| READING 2 scrolls of identify.
  3186 | D:4      | 3186 ||| IDENTIFYING murky blue potion
  3187 | D:4      | 3187 ||| DROPPING potion of attraction.
  3238 | D:4      | Found a white marble altar of Elyvilon.
  3241 | D:4      | Became a worshipper of Warmaster Okawaru
  3242 | D:4      | 3242 ||| PLANNING D:1-11
  3244 | D:4      | Found a faded altar of an unknown god.
  3246 | D:4      | Found a basalt altar of Yredelemnul.
  3346 | D:4      | 3346 ||| READING 3 scrolls of identify.
  3346 | D:4      | 3346 ||| IDENTIFYING smoky green potion
  3347 | D:4      | 3347 ||| READING 2 scrolls of identify.
  3347 | D:4      | 3347 ||| IDENTIFYING yellow potion
  3384 | D:5      | Entered Level 5 of the Dungeon
  3386 | D:5      | Noticed Pikel
  3404 | D:5      | HP: 2/35 [Pikel/+1 whip of electrocution (8)]
  3405 | D:5      | Slain by Pikel

Levels and vault maps discovered:
D:1:      onia_arrival_mini_spirals, layout_loops_ring, serial_shops, shop,
          minmay_stone_trees_small, minmay_crystal_water, bh_walls_and_bars
D:2:      cheibrodos_old_hovel, layout_rooms, basic_altar, minivault_26,
          uniq_jessica
D:3:      cheibrodos_thug_alley, layout_basic,
          grunt_temple_overflow_growth_and_decay,
          shapermc_ecumenical_altar_petra
D:4:      layout_loops_ring, chequers_temple_overflow_minitemple,
          minmay_temple_entry_mist, nicolae_underground_beach
D:5:      layout_loops_corners, mainiacjoe_overflow_brackets,
          guppyfry_shop_venom, uniq_pikel, uniq_duvessa
Temple:   nicolae_temple_two_arcs

Skill      XL: |  1  2  3  4  5  6 |
---------------+-------------------+-----
Ranged Weapons | 6 7 8 9 10 | 10.2
Dodging        | 3 |  3.0
Fighting       | 2 |  2.0
Armour         | 1 |  1.2
Stealth        | |  1.2

Action                     |  1- 3 |  4- 6 || total
---------------------------+-------+-------++-------
   Fire: Shortbow          |   101 |   202 ||   303
    Use: Scroll            |     3 |    13 ||    16
         Potion            |     1 |     2 ||     3
 Armour: Leather armour    |     1 |       ||     1
         Ring mail         |     5 |    23 ||    28
  Dodge: Dodged            |     5 |    44 ||    49
  Block: Other             |       |    18 ||    18

Table legend:
 A = Non-vault XP
 B = Vault XP
 C = Vault XP percentage of total XP
 D = Non-vault monster count
 E = Vault monster count
 F = Vault count percentage of total count
                 A         B        C        D         E       F
            +---------+---------+-------+---------+---------+-------
      Total |     544 |     153 |  22.0 |      80 |      11 |  12.1
            +---------+---------+-------+---------+---------+-------
        D:1 |      30 |       0 |   0.0 |      19 |       0 |   0.0
        D:2 |      67 |      38 |  36.2 |      18 |       2 |  10.0
        D:3 |     183 |     115 |  38.6 |      20 |       9 |  31.0
        D:4 |     264 |       0 |   0.0 |      23 |       0 |   0.0
            +---------+---------+-------+---------+---------+-------
